| TOP OF THE 1ST |
|
Beloit Snappers batting - Pitching for Kannapolis Intimidators : RHP Tony Holley
|
|
Pitching: RHP Tony Holley
|
|
|
Batting: RHB Tony Crespo
|
0-0: Ball 1-0: Ball 2-0: Swinging Strike 2-1: Foul Ball, location: 2F 2-2: Strikes out swinging
|
|
Batting: LHB Jeremy Brammer
|
0-0: Foul Ball, location: 2F 0-1: Ball 1-1: Foul Ball, location: 2F 1-2: Ball 2-2: Strikes out swinging, 2-3 out at first.
|
|
Batting: RHB Shannon Beck
|
0-0: Called Strike 0-1: Ball 1-1: Swinging Strike 1-2: Strikes out swinging
|
| Top of the 1st over - 0 runs, 0 hits, 0 errors, 0 left on base; Beloit 0 - Kannapolis 0 |
| BOTTOM OF THE 1ST |
|
Kannapolis Intimidators batting - Pitching for Beloit Snappers : RHP Jesse Clark
|
|
Pitching: RHP Jesse Clark
|
|
|
Batting: RHB Luwen Storm
|
0-0: Ball 1-0: Foul Ball, location: 2F 1-1: Ball 2-1: Swinging Strike 2-2: Ball 3-2: Foul Ball, location: 2F 3-2: Ground out 4-3 (Groundball, 4, EV 107.5 MPH)
|
|
Batting: RHB Tatsunori Hayakawa
|
0-0: Ball 1-0: Called Strike 1-1: Ground out U3 (Groundball, 34S, EV 90.6 MPH)
|
|
Batting: RHB Mark Jones
|
0-0: Ball 1-0: Ball 2-0: Ball 3-0: Called Strike 3-1: Called Strike 3-2: Foul Ball, location: 2F 3-2: Foul Ball, location: 2F 3-2: Ground out 5-3 (Groundball, 5S, EV 68.8 MPH)
|
| Bottom of the 1st over - 0 runs, 0 hits, 0 errors, 0 left on base; Beloit 0 - Kannapolis 0 |
| TOP OF THE 2ND |
|
Beloit Snappers batting - Pitching for Kannapolis Intimidators : RHP Tony Holley
|
|
Batting: LHB Felipe Gomez
|
0-0: Ball 1-0: Ball 2-0: Ball 3-0: Called Strike 3-1: Foul Ball, location: 2F 3-2: Foul Ball, location: 2F 3-2: Foul Ball, location: 2F 3-2: Foul Ball, location: 2F 3-2: Strikes out swinging
|
|
Batting: RHB Sean Gould
|
0-0: Called Strike 0-1: Foul Ball, location: 2F 0-2: Ball 1-2: Foul Ball, location: 2F 1-2: Strikes out looking
|
|
Batting: LHB Nate Melendez
|
0-0: Ball 1-0: Ball 2-0: Foul Ball, location: 2F 2-1: SINGLE (Groundball, 3D, EV 103.8 MPH)
|
|
Batting: RHB Don Burt
|
0-0: Called Strike 0-1: Swinging Strike 0-2: Foul Ball, location: 2F 0-2: Strikes out swinging
|
| Top of the 2nd over - 0 runs, 1 hit, 0 errors, 1 left on base; Beloit 0 - Kannapolis 0 |
| BOTTOM OF THE 2ND |
|
Kannapolis Intimidators batting - Pitching for Beloit Snappers : RHP Jesse Clark
|
|
Batting: LHB Herkko Haavikko
|
0-0: Ball 1-0: Ball 2-0: Called Strike 2-1: Foul Ball, location: 2F 2-2: Ball 3-2: Base on Balls
|
|
Batting: RHB Nick Kleckner
|
0-0: Called Strike 0-1: Fly out, F5 (Popup, 56S, EV 79.4 MPH)
|
|
Batting: RHB Armando Vazquez
|
0-0: Fly out, F9 (Flyball, 89M, EV 91.9 MPH)
|
|
Batting: SHB Jose Castillo
|
0-0: Swinging Strike 0-1: Called Strike 0-2: Ball 1-2: Strikes out looking
|
| Bottom of the 2nd over - 0 runs, 0 hits, 0 errors, 1 left on base; Beloit 0 - Kannapolis 0 |
| TOP OF THE 3RD |
|
Beloit Snappers batting - Pitching for Kannapolis Intimidators : RHP Tony Holley
|
|
Batting: RHB Jamie Jennings
|
0-0: Ball 1-0: Foul Ball, location: 2F 1-1: Ball 2-1: DOUBLE (Line Drive, 7LM, EV 109.4 MPH)
|
|
Batting: RHB Clay Statum
|
0-0: SINGLE (Line Drive, 8LS, EV 110.0 MPH) Jamie Jennings to third
|
|
Batting: RHB Tony Crespo
|
0-0: Called Strike 0-1: Called Strike 0-2: Ball 1-2: Ball 2-2: Strikes out looking
|
|
Batting: LHB Jeremy Brammer
|
0-0: Called Strike 0-1: Fly out, F9 (Flyball, 9, EV 89.4 MPH)
|
|
Batting: RHB Shannon Beck
|
0-0: Called Strike 0-1: Foul Ball, location: 2F 0-2: Strikes out swinging
|
| Top of the 3rd over - 0 runs, 2 hits, 0 errors, 2 left on base; Beloit 0 - Kannapolis 0 |
| BOTTOM OF THE 3RD |
|
Kannapolis Intimidators batting - Pitching for Beloit Snappers : RHP Jesse Clark
|
|
Batting: RHB Dunlang Clark
|
0-0: Ball 1-0: Ball 2-0: Called Strike 2-1: SINGLE (Groundball, 6MS, EV 61.9 MPH) (infield hit)
|
|
Batting: RHB Santos Guadalupe
|
0-0: Called Strike Dunlang Clark steals 2nd base 0-1: Ground out 6-3 (Groundball, 56, EV 85.6 MPH)
|
|
Batting: RHB Luwen Storm
|
0-0: Foul Ball, location: 2F 0-1: Ball 1-1: Ball 2-1: SINGLE (Groundball, 56S, EV 69.4 MPH) (infield hit) Dunlang Clark to third
|
|
Batting: RHB Tatsunori Hayakawa
|
0-0: Ball 1-0: Ball 2-0: Ball 3-0: Called Strike 3-1: Hit by Pitch Luwen Storm to second
|
|
Batting: RHB Mark Jones
|
0-0: Foul Ball, location: 2F 0-1: Fielders Choice at 2nd, 6-4 (Groundball, 6, EV 87.5 MPH) Dunlang Clark scores Luwen Storm to third
|
|
Batting: LHB Herkko Haavikko
|
0-0: Ball 1-0: Foul Ball, location: 2F 1-1: Ball 2-1: Fielders Choice at 2nd, 6-4 (Groundball, 6, EV 99.4 MPH)
|
| Bottom of the 3rd over - 1 run, 2 hits, 0 errors, 2 left on base; Beloit 0 - Kannapolis 1 |
| TOP OF THE 4TH |
|
Beloit Snappers batting - Pitching for Kannapolis Intimidators : RHP Tony Holley
|
|
Batting: LHB Felipe Gomez
|
0-0: Swinging Strike 0-1: Swinging Strike 0-2: Foul Ball, location: 2F 0-2: Ball 1-2: Strikes out swinging, 2-3 out at first.
|
|
Batting: RHB Sean Gould
|
0-0: Called Strike 0-1: Ball 1-1: Swinging Strike 1-2: Ball 2-2: Foul Ball, location: 2F 2-2: Strikes out swinging
|
|
Batting: LHB Nate Melendez
|
0-0: Ball 1-0: Swinging Strike 1-1: Fly out, F6 (Flyball, 6MD, EV 86.9 MPH)
|
| Top of the 4th over - 0 runs, 0 hits, 0 errors, 0 left on base; Beloit 0 - Kannapolis 1 |
| BOTTOM OF THE 4TH |
|
Kannapolis Intimidators batting - Pitching for Beloit Snappers : RHP Jesse Clark
|
|
Batting: RHB Nick Kleckner
|
0-0: Foul Ball, location: 2F 0-1: Foul Ball, location: 2F 0-2: Foul Ball, location: 2F 0-2: Foul Ball, location: 2F 0-2: Foul Ball, location: 2F 0-2: Foul Ball, location: 2F 0-2: Ground out U3 (Groundball, 34, EV 88.8 MPH)
|
|
Batting: RHB Armando Vazquez
|
0-0: Ball 1-0: Foul Ball, location: 2F 1-1: SINGLE (Line Drive, 8RS, EV 98.8 MPH)
|
|
Batting: SHB Jose Castillo
|
0-0: Called Strike 0-1: Foul Ball, location: 2F 0-2: DOUBLE (Flyball, 8LXD, EV 95.6 MPH) Armando Vazquez to third Runner from 3rd tries for Home, SAFE, no throw by CF
|
|
Batting: RHB Dunlang Clark
|
0-0: SINGLE (Line Drive, 3D, EV 97.5 MPH) Jose Castillo to third
|
|
Batting: RHB Santos Guadalupe
|
0-0: Ball Dunlang Clark steals 2nd base (no throw) 1-0: Called Strike 1-1: SINGLE (Groundball, 56D, EV 98.1 MPH) Jose Castillo scores Dunlang Clark to third
|
|
Batting: RHB Luwen Storm
|
0-0: Ball 1-0: Called Strike 1-1: Ball 2-1: Foul Ball, location: 2F 2-2: Ball 3-2: Fly out, F7 (Flyball, 7, EV 84.4 MPH)
|
|
Batting: RHB Tatsunori Hayakawa
|
0-0: Called Strike 0-1: Ball 1-1: Fly out, F7 (Flyball, 7S, EV 95.0 MPH)
|
| Bottom of the 4th over - 2 runs, 4 hits, 0 errors, 2 left on base; Beloit 0 - Kannapolis 3 |
| TOP OF THE 5TH |
|
Beloit Snappers batting - Pitching for Kannapolis Intimidators : RHP Tony Holley
|
|
Batting: RHB Don Burt
|
0-0: Called Strike 0-1: SINGLE (Groundball, 56D, EV 107.5 MPH)
|
|
Batting: RHB Jamie Jennings
|
0-0: Called Strike Don Burt steals 2nd base 0-1: SINGLE (Groundball, 6MD, EV 95.0 MPH) Don Burt to third
|
|
Batting: RHB Clay Statum
|
0-0: Fly out, F9 (Line Drive, 89M, EV 88.1 MPH) Runner from 3rd tags up, OUT at HOME! 9-2 Jamie Jennings to second
|
|
Batting: RHB Tony Crespo
|
0-0: Ground out U3 (Groundball, 34S, EV 85.0 MPH)
|
| Top of the 5th over - 0 runs, 2 hits, 0 errors, 1 left on base; Beloit 0 - Kannapolis 3 |
| BOTTOM OF THE 5TH |
|
Kannapolis Intimidators batting - Pitching for Beloit Snappers : RHP Jesse Clark
|
|
Batting: RHB Mark Jones
|
0-0: Ball 1-0: Fly out, F7 (Line Drive, 7, EV 91.2 MPH)
|
|
Batting: LHB Herkko Haavikko
|
0-0: Fly out, F8 (Flyball, 8RXD, EV 79.4 MPH)
|
|
Batting: RHB Nick Kleckner
|
0-0: Foul Ball, location: 2F 0-1: Ball 1-1: Swinging Strike 1-2: Strikes out swinging
|
| Bottom of the 5th over - 0 runs, 0 hits, 0 errors, 0 left on base; Beloit 0 - Kannapolis 3 |
| TOP OF THE 6TH |
|
Beloit Snappers batting - Pitching for Kannapolis Intimidators : RHP Tony Holley
|
|
Batting: LHB Jeremy Brammer
|
0-0: Ball 1-0: Called Strike 1-1: Ball 2-1: Foul Ball, location: 2F 2-2: Strikes out swinging
|
|
Batting: RHB Shannon Beck
|
0-0: Ball 1-0: Fly out, F8 (Flyball, 8RD, EV 93.1 MPH)
|
|
Batting: LHB Felipe Gomez
|
0-0: Foul Ball, location: 2F 0-1: Ball 1-1: Ball 2-1: Called Strike 2-2: Foul Ball, location: 2F 2-2: Strikes out swinging
|
| Top of the 6th over - 0 runs, 0 hits, 0 errors, 0 left on base; Beloit 0 - Kannapolis 3 |
| BOTTOM OF THE 6TH |
|
Kannapolis Intimidators batting - Pitching for Beloit Snappers : RHP Jesse Clark
|
|
Batting: RHB Armando Vazquez
|
0-0: Called Strike 0-1: Ball 1-1: Called Strike 1-2: Ball 2-2: Ball 3-2: Strikes out swinging
|
|
Batting: SHB Jose Castillo
|
0-0: SINGLE (Line Drive, 34D, EV 96.9 MPH)
|
|
Batting: RHB Dunlang Clark
|
0-0: Ball 1-0: Foul Ball, location: 2F 1-1: Foul Ball, location: 2F 1-2: Ball Jose Castillo is caught stealing 2nd base 2-4 2-2: TRIPLE (Flyball, 89XD, EV 88.8 MPH)
|
|
Pitching: LHP Alex Villagran
|
|
|
Batting: RHB Santos Guadalupe
|
0-0: Foul Ball, location: 2F 0-1: Ball 1-1: SINGLE (Line Drive, 4MD, EV 94.4 MPH) Dunlang Clark scores
|
|
Batting: RHB Luwen Storm
|
0-0: Called Strike 0-1: Ball 1-1: SINGLE (Groundball, 6MD, EV 95.6 MPH) Santos Guadalupe to second
|
|
Batting: RHB Tatsunori Hayakawa
|
0-0: Called Strike 0-1: SINGLE (Line Drive, 78S, EV 109.4 MPH) Santos Guadalupe to third Luwen Storm to second Runner from 3rd tries for Home, SAFE, throw by CF to home
|
|
Batting: RHB Mark Jones
|
0-0: Fly out, F8 (Flyball, 8LD, EV 91.2 MPH)
|
| Bottom of the 6th over - 2 runs, 5 hits, 0 errors, 2 left on base; Beloit 0 - Kannapolis 5 |
| TOP OF THE 7TH |
|
Beloit Snappers batting - Pitching for Kannapolis Intimidators : RHP Tony Holley
|
|
Pitching: RHP Mario Napoles
|
|
|
Batting: RHB Sean Gould
|
0-0: Ball 1-0: Ball 2-0: Called Strike 2-1: Called Strike 2-2: Strikes out swinging
|
|
Batting: LHB Nate Melendez
|
0-0: SINGLE (Line Drive, 6D, EV 98.1 MPH)
|
|
Batting: RHB Don Burt
|
0-0: Called Strike 0-1: Swinging Strike 0-2: Ball Nate Melendez is caught stealing 2nd base 2-4 1-2: Strikes out swinging
|
| Top of the 7th over - 0 runs, 1 hit, 0 errors, 0 left on base; Beloit 0 - Kannapolis 5 |
| BOTTOM OF THE 7TH |
|
Kannapolis Intimidators batting - Pitching for Beloit Snappers : LHP Alex Villagran
|
|
Batting: LHB Herkko Haavikko
|
0-0: Ball 1-0: Called Strike 1-1: Foul Ball, location: 2F 1-2: Strikes out swinging
|
|
Batting: RHB Nick Kleckner
|
0-0: Ball 1-0: Called Strike 1-1: Called Strike 1-2: Foul Ball, location: 2F 1-2: Strikes out swinging
|
|
Batting: RHB Armando Vazquez
|
0-0: Swinging Strike 0-1: Foul Ball, location: 2F 0-2: Ball 1-2: Ball 2-2: Foul Ball, location: 2F 2-2: Strikes out swinging, 2-3 out at first.
|
| Bottom of the 7th over - 0 runs, 0 hits, 0 errors, 0 left on base; Beloit 0 - Kannapolis 5 |
| TOP OF THE 8TH |
|
Beloit Snappers batting - Pitching for Kannapolis Intimidators : RHP Mario Napoles
|
|
Batting: RHB Jamie Jennings
|
0-0: SINGLE (Groundball, 4D, EV 97.5 MPH)
|
|
Pinch Hitting: LHB Chance Stever
|
0-0: Foul Ball, location: 2F 0-1: Ball 1-1: Called Strike 1-2: 2-RUN HOME RUN (Flyball, 9LD, EV 91.9 MPH), Distance : 336 ft
|
|
Batting: RHB Tony Crespo
|
0-0: Foul Ball, location: 2F 0-1: Ball 1-1: Foul Ball, location: 2F 1-2: Ball 2-2: Ball 3-2: Foul Ball, location: 2F 3-2: Ground out 5-3 (Groundball, 56S, EV 73.8 MPH)
|
|
Batting: LHB Jeremy Brammer
|
0-0: Ball 1-0: Swinging Strike 1-1: Ball 2-1: Called Strike 2-2: Strikes out looking
|
|
Batting: RHB Shannon Beck
|
0-0: Ground out 5-3 (Groundball, 56S, EV 65.6 MPH)
|
| Top of the 8th over - 2 runs, 2 hits, 0 errors, 0 left on base; Beloit 2 - Kannapolis 5 |
| BOTTOM OF THE 8TH |
|
Kannapolis Intimidators batting - Pitching for Beloit Snappers : LHP Alex Villagran
|
|
Pitching: LHP Alex Shannon
|
|
|
Now at 2B: Ivan Barry
|
|
|
Batting: SHB Jose Castillo
|
0-0: Foul Ball, location: 2F 0-1: Fly out, F8 (Flyball, 8RD, EV 96.9 MPH)
|
|
Batting: RHB Dunlang Clark
|
0-0: Ball 1-0: Ball 2-0: Ball 3-0: Called Strike 3-1: Foul Ball, location: 2F 3-2: Ground out 4-3 (Groundball, 4S, EV 70.0 MPH)
|
|
Batting: RHB Santos Guadalupe
|
0-0: Foul Ball, location: 2F 0-1: Ball 1-1: Fly out, F7 (Flyball, 78S, EV 72.5 MPH)
|
| Bottom of the 8th over - 0 runs, 0 hits, 0 errors, 0 left on base; Beloit 2 - Kannapolis 5 |
| TOP OF THE 9TH |
|
Beloit Snappers batting - Pitching for Kannapolis Intimidators : RHP Mario Napoles
|
|
Pitching: RHP Chris Worster
|
|
|
Batting: LHB Felipe Gomez
|
0-0: Ball 1-0: Called Strike 1-1: Swinging Strike 1-2: Ball 2-2: Strikes out swinging
|
|
Batting: RHB Sean Gould
|
0-0: Called Strike 0-1: Ground out 6-3 (Groundball, 6, EV 88.1 MPH)
|
|
Batting: LHB Nate Melendez
|
0-0: Called Strike 0-1: Called Strike 0-2: Foul Ball, location: 2F 0-2: SOLO HOME RUN (Flyball, 9D, EV 97.5 MPH), Distance : 363 ft
|
|
Batting: RHB Don Burt
|
0-0: Called Strike 0-1: Foul Ball, location: 2F 0-2: Strikes out swinging
|
| Top of the 9th over - 1 run, 1 hit, 0 errors, 0 left on base; Beloit 3 - Kannapolis 5 |
|